 Dungeon Crawl Stone Soup version 0.30-a0-118-ga018f8e90f (webtiles) character file.

Game seed: 7672720271545536485

2525785 nono the Slayer (level 27, 264/264 HPs)
             Began as a Ghoul Fighter on Sept 13, 2022.
             Was a High Priest of Okawaru.
             Escaped with the Orb
             ... and 4 runes!
             The game lasted 04:27:52 (60244 turns).

nono the Slayer (Ghoul Fighter)                    Turns: 60244, Time: 04:27:52

Health: 264/264    AC: 42    Str: 34    XL:     27
Magic:  29/29      EV: 17    Int:  3    God:    Okawaru [*****.]
Gold:   4807       SH: 32    Dex: 20    Spells: 26/26 levels left

rFire   + + +      SeeInvis +      - Unarmed
rCold   + + +      Faith    .    a - +8 tower shield
rNeg    + + +      Spirit   .    E - +5 crystal plate armour "Poeg" {rCorr}
rPois   ∞          Reflect  .    H - +2 helmet {SInv}
rElec   +          Harm     .    r - scarf {rC+ rF+}
rCorr   +          Rampage  .    e - +2 pair of gloves {hurl}
Will    +++..                    w - +0 pair of boots of Solod {rF+ Dex+6}
Stlth   ..........               G - amulet of regeneration
HPRegen 0.00/turn                P - ring of the Four Youths {rElec rC+ Dex+6}
MPRegen 0.21/turn                T - ring "Ynluvaom" {rPois rF+ rN+ Will+ Slay+2}

@: inhibited regen, studying 3 skills
A: claws 1, cold resistance 1, negative energy resistance 3, inhibited
regeneration, torment resistance 2, devour on kill
0: Orb of Zot
}: 4/15 runes: barnacled, slimy, silver, gossamer
a: Renounce Religion, Heroism, Finesse, Duel


You escaped.
You worshipped Okawaru.
Okawaru was extremely pleased with you.
You visited 12 branches of the dungeon, and saw 56 of its levels.
You visited the Abyss 3 times.
You visited 2 bazaars.
You also visited: Trove, Ossuary, Ice Cave and Desolation.

You collected 8431 gold pieces.
You spent 3624 gold pieces at shops.

Inventory:

Hand Weapons
 y - the +8 mithril axe "Arga" {speed, Will+}
   (You found it in a treasure trove)

   Attacks with this weapon are significantly faster.
   Will:      It increases your willpower.
 V - the +9 broad axe "Ifesm" {speed, rElec Str+2 Int+2 Stlth+}
   (Okawaru gifted it to you on level 5 of the Lair of Beasts)

   Attacks with this weapon are significantly faster.
   Str:       It affects your strength (+2).
   Int:       It affects your intelligence (+2).
   rElec:     It insulates you from electricity.
   Stlth:     It makes you more stealthy.
Missiles
 u - 2 throwing nets (quivered)
Armour
 a - a +8 tower shield (worn)
 e - a +2 pair of gloves of hurling (worn)
 p - the +0 cloak of Rotten Awe {rCorr Int+5 Dex-4}
   (Okawaru gifted it to you on level 4 of the Pits of Slime)

   Int:       It affects your intelligence (+5).
   Dex:       It affects your dexterity (-4).
   rCorr:     It protects you from acid and corrosion.
 r - a scarf of resistance (worn)
 w - the +0 pair of boots of Solod (worn) {rF+ Dex+6}
   (Okawaru gifted it to you on level 4 of the Depths)

   Dex:       It affects your dexterity (+6).
   rF:        It protects you from fire.
 E - the +5 crystal plate armour "Poeg" (worn) {rCorr}
   (Okawaru gifted it to you on level 2 of the Lair of Beasts)

   rCorr:     It protects you from acid and corrosion.
 H - a +2 helmet of see invisible (worn)
Jewellery
 q - the ring "Vovywnio" {Wiz rPois rF+ Str-2 Int+3}
   (You took it off a deep elf master archer on level 3 of the Elven Halls)

   [ring of wizardry]

   It improves your spell success rate.
   Str:       It affects your strength (-2).
   Int:       It affects your intelligence (+3).
   rF:        It protects you from fire.
   rPois:     It protects you from poison.
 t - a ring of flight
 v - the ring "Naedobb" {rC+ Int+6 Dex+3 Slay+2}
   (You acquired it in an ossuary)

   [ring of intelligence]

   Int:       It affects your intelligence (+6).
   Dex:       It affects your dexterity (+3).
   Slay:      It affects your accuracy & damage with ranged weapons and melee
   (+2).
   rC:        It protects you from cold.
 A - the amulet of the Air {Inacc Air Fly rElec RMsl}
   (You bought it in a shop in a bazaar)

   [amulet of nothing]

   It reduces the accuracy of all your attacks.
   It enhances your air magic.
   rElec:     It insulates you from electricity.
   Fly:       It grants you flight.
   RMsl:      It protects you from missiles.
 C - the ring "Fiunaito" {Will+ AC+4}
   (You found it in the Desolation of Salt)

   [ring of protection]

   AC:        It affects your AC (+4).
   Will:      It increases your willpower.
 D - a ring of protection from fire
 G - an amulet of regeneration (around neck)
 M - the ring of Benevolence {rPois rC+++ Will- rCorr Slay+4}
   (You found it in the Desolation of Salt)

   [ring of slaying]

   Slay:      It affects your accuracy & damage with ranged weapons and melee
   (+4).
   rC:        It renders you almost immune to cold.
   rPois:     It protects you from poison.
   rCorr:     It protects you from acid and corrosion.
   Will:      It decreases your willpower.
 P - the ring of the Four Youths (left hand) {rElec rC+ Dex+6}
   (You took it off a deep elf sorcerer on level 3 of the Elven Halls)

   [ring of dexterity]

   Dex:       It affects your dexterity (+6).
   rC:        It protects you from cold.
   rElec:     It insulates you from electricity.
 T - the ring "Ynluvaom" (right hand) {rPois rF+ rN+ Will+ Slay+2}
   (You bought it in a shop in a bazaar)

   [ring of poison resistance]

   Slay:      It affects your accuracy & damage with ranged weapons and melee
   (+2).
   rF:        It protects you from fire.
   rPois:     It protects you from poison.
   rN:        It protects you from negative energy.
   Will:      It increases your willpower.
 X - an amulet of the acrobat
 Y - the amulet of Noon {RegenMP rC++}
   (You found it in the Desolation of Salt)

   [amulet of magic regeneration]

   It increases your rate of magic regeneration.
   rC:        It greatly protects you from cold.
 Z - a ring of resist corrosion
Wands
 B - a wand of roots (49)
 I - a wand of quicksilver (25)
 O - a wand of digging (4)
 S - a wand of mindburst (12)
Scrolls
 b - 7 scrolls of enchant armour
 d - 5 scrolls of fear
 g - a scroll of blinking
 h - 3 scrolls of fog
 j - 7 scrolls of immolation
 l - 15 scrolls of teleportation
 n - 5 scrolls of enchant weapon
 s - 3 scrolls of amnesia
 x - 33 scrolls of identify
 F - 3 scrolls of poison
 K - a scroll of torment
 L - 4 scrolls of magic mapping
 R - 3 scrolls of silence
Potions
 c - 9 potions of might
 f - 4 potions of resistance
 i - 25 potions of curing
 k - 8 potions of haste
 m - 16 potions of ambrosia
 o - a potion of invisibility
 z - 7 potions of brilliance
 J - 6 potions of flight
 N - 2 potions of cancellation
 Q - a potion of magic
 U - 6 potions of heal wounds
Miscellaneous
 W - a phial of floods


   Skills:
 + Level 24.5 Fighting
 - Level 11.6 Axes
 + Level 21.0 Armour
 + Level 17.5 Dodging
 - Level 22.0 Shields
 - Level 23.1 Unarmed Combat
 - Level 10.0 Invocations


You had 26 spell levels left.
You didn't know any spells.
Your spell library contained the following spells:

 Spells                   Type           Power      Damage    Failure   Level
 Apportation              Tloc           0%         N/A       100%        1
 Foxfire                  Conj/Fire      0%         2x1d4     100%        1
 Freeze                   Ice            0%         1d3       100%        1
 Necrotise                Necr           0%         1d4       100%        1
 Shock                    Conj/Air       0%         1d3       100%        1
 Slow                     Hex            0%         N/A       100%        1
 Sting                    Tmut/Pois      0%         1d3       100%        1
 Blink                    Tloc           0%         N/A       100%        2
 Cigotuvi's Dreadful Rot  Necr/Pois/Air  0%         N/A       100%        2
 Ensorcelled Hibernation  Hex/Ice        0%         N/A       100%        2
 Passwall                 Tmut/Erth      0%         N/A       100%        2
 Poisonous Vapours        Pois/Air       0%         N/A       100%        2
 Scorch                   Fire           0%         2d5       100%        2
 Static Discharge         Conj/Air       0%         3-3/arc   100%        2
 Confusing Touch          Hex            0%         N/A       100%        3
 Dazzling Flash           Conj/Hex       0%         N/A       100%        3
 Gell's Gravitas          Tloc           0%         N/A       100%        3
 Ignite Poison            Fire/Tmut/Pois 0%         N/A       100%        3
 Inner Flame              Hex/Fire       0%         N/A       100%        3
 Kindle Blastsparks       Fire/Tloc/Air  0%         2d10      100%        3
 Lesser Beckoning         Tloc           0%         N/A       100%        3
 Mephitic Cloud           Conj/Pois/Air  0%         N/A       100%        3
 Portal Projectile        Hex/Tloc       0%         N/A       100%        3
 Stone Arrow              Conj/Erth      0%         3d7       100%        3
 Swiftness                Air            0%         N/A       100%        3
 Teleport Other           Tloc           0%         N/A       100%        3
 Vampiric Draining        Necr           0%         2d6       100%        3
 Airstrike                Air            0%         2d(0-16)  100%        4
 Anguish                  Hex/Necr       0%         N/A       100%        4
 Dispel Undead            Necr           0%         3d6       100%        4
 Flame Wave               Conj/Fire      0%         2d4       100%        4
 Hailstorm                Conj/Ice       0%         3d3       100%        4
 Leda's Liquefaction      Hex/Erth       0%         N/A       100%        4
 Manifold Assault         Tloc           0%         N/A       100%        4
 Olgreb's Toxic Radiance  Pois           0%         N/A       100%        4
 Passage of Golubria      Tloc           0%         N/A       100%        4
 Petrify                  Tmut/Erth      0%         N/A       100%        4
 Sticky Flame             Conj/Fire      0%         2d3       100%        4
 Agony                    Necr           0%         N/A       100%        5
 Alistair's Intoxication  Tmut/Pois      0%         N/A       100%        5
 Arcjolt                  Conj/Air       0%         1d10      100%        5
 Borgnjor's Vile Clutch   Necr/Erth      0%         N/A       100%        5
 Fireball                 Conj/Fire      0%         3d3       100%        5
 Freezing Cloud           Conj/Ice/Air   0%         6-21      100%        5
 Irradiate                Conj/Tmut      0%         3d11      100%        5
 Iskenderun's Battlesphe  Conj           0%         2d6       100%        5
 Lightning Bolt           Conj/Air       0%         1d11      100%        5
 Metabolic Englaciation   Hex/Ice        0%         N/A       100%        5
 Yara's Violent Unravell  Hex/Tmut       0%         3d3       100%        5
 Dispersal                Tloc           0%         N/A       100%        6
 Eringya's Noxious Bog    Tmut/Pois      0%         N/A       100%        6
 Iron Shot                Conj/Erth      0%         9d1       100%        6
 Starburst                Conj/Fire      0%         6d3       100%        6
 Enfeeble                 Hex            0%         N/A       100%        7
 Ozocubu's Refrigeration  Ice            0%         4d7       100%        7
 Disjunction              Tloc           0%         N/A       100%        8
 Ignition                 Fire           0%         3d3       100%        8
 Lehudib's Crystal Spear  Conj/Erth      0%         10d2      100%        8
 Maxwell's Capacitive Co  Air            0%         ∞         100%        8
 Summon Small Mammal      Summ           Unusable   N/A       N/A         1
 Sublimation of Blood     Necr           Unusable   N/A       N/A         2
 Call Canine Familiar     Summ           Unusable   N/A       N/A         3
 Tukima's Dance           Hex            Unusable   N/A       N/A         3
 Ice Form                 Ice/Tmut       Unusable   N/A       N/A         4
 Summon Ice Beast         Ice/Summ       Unusable   N/A       N/A         4
 Summon Lightning Spire   Summ/Air       Unusable   N/A       N/A         4
 Blade Hands              Tmut           Unusable   N/A       N/A         5
 Simulacrum               Ice/Necr       Unusable   N/A       N/A         6
 Summon Cactus Giant      Summ           Unusable   N/A       N/A         6
 Death's Door             Necr           Unusable   N/A       N/A         9

Dungeon Overview and Level Annotations

Branches:
Dungeon (15/15)            Temple (1/1) D:7            Lair (5/5) D:9
 Shoals (4/4) Lair:2       Spider (4/4) Lair:2        Slime (5/5) Lair:5
    Orc (2/2) D:9             Elf (3/3) Orc:2        Vaults (5/5) D:14
  Crypt (3/3) Vaults:3       Tomb (0/3) Crypt:3      Depths (4/4) D:15
    Zot (5/5) Depths:4    Ossuary (visited)           IceCv (visited)
Desolation (visited)

Altars:
Ashenzari
Cheibriados
Dithmenos
Fedhas
Gozag
Hepliaklqana
Kikubaaqudgha
Makhleb
Nemelex Xobeh
Okawaru
Qazlal
Ru
Sif Muna
Trog
Uskayaw
Vehumet
Wu Jian
Xom
Yredelemnul
Jiyva

Shops:
D:5 ?   D:11 *?   Orc:2 **[!   Elf:1 [   Elf:3 (   Shoals:4 [   Depths:3 *(

Portals:
Hell: Depths:1 Depths:2 Depths:3 Depths:4
Abyss: Lair:4 Depths:3 Depths:4
Pandemonium: Depths:2 Depths:4
Ziggurat: Depths:1

Annotations:
D:8 3 transporters
D:9 1 runed translucent door
D:13 1 transporter, Jorgrun; Murireun's ghost, journeyman GnFE
D:14 Roxanne
Lair:4 2 transporters, sastreii's ghost, journeyman DrBr
Zot:5 1 runed translucent door, QuickerDeath's ghost, veteran SpHu


Innate Abilities, Weirdness & Mutations

You are immune to poison.
You have sharp fingernails.
Your flesh is cold resistant. (rC+)
You are immune to negative energy. (rN+++)
You do not regenerate when monsters are visible.
You are immune to unholy pain and torment.
You thrive by killing the living.


Message History

Okawaru accepts your kill.
You block the large abomination's attack.
You pulverise the large abomination!!!
You destroy the large abomination!
Okawaru accepts your kill.
A green death comes into view.
The green death roars!
There is a stone staircase leading down here.
You can't go up here!
The green death hits you.
You punch the green death!
The green death is lightly wounded.
You punch the green death!
The green death is moderately wounded.
You punch the green death!
The green death is heavily wounded.
You block the green death's attack.
You barely miss the green death.
The green death is heavily wounded.
You punch the green death!
The green death is severely wounded.
You pummel the green death!!
You kill the green death!
Okawaru accepts your kill.
No target in view!
A soul eater comes into view.
Your hands slow down.
There is a stone staircase leading up here.
You climb upwards.
There is a stone staircase leading down here.
You feel like a meek peon again.
HP restored.
There is an escape hatch in the ceiling here.
A mysterious force pulls you upwards. The hatch slams shut behind you.
There is an open door here.
There is an open door here.
A blizzard demon comes into view.
There is an open door here.
There is a staircase leading out of the dungeon here.
You have escaped!

#
#........................
#
#...)...############.####
# ##.......# #..... #
##....##### ####### #
#####..############
###...).. #
#.....####........#
#....####
###.###...#...#####.#
#....# #...#
###...###...#.# #....#
..#####...###.2.@.#.#
#....# ###
##..###.#.#...#.# #....#
# ##..##.#...#...#.#
#....# #..###...#+#####.#
#....#
##.###....#..#....#
###.## ##..#
##.#....'....# #.# #..##
#..#.#..#....# #.#
##.#####...##'#####.# #.#
#..# #...#.##.#...#.# #.#


You could see a blizzard demon.

Vanquished Creatures
  the Royal Jelly (Slime:5)
  A dread lich (Abyss:2)
  Mennas (Vaults:5)
  2 orbs of fire (Zot:3)
  2 ancient liches (Vaults:5)
  Sojobo (Depths:2)
  Parghit (Depths:4)
  Bai Suzhen (Shoals:3)
  Vv (Depths:4)
  10 caustic shrikes
  Saint Roka (Vaults:3)
  5 golden dragons
  2 profane servitors
  the Enchantress (Depths:2)
  5 bone dragons
  A hellephant (Abyss:3)
  A Tzitzimitl (Depths:2)
  3 doom hounds (Depths:2)
  12 Orb Guardians (Zot:5)
  Rupert (D:13)
  12 tentacled monstrosities
  A walking earthen tome (Depths:3)
  7 liches
  5 titans
  3 quicksilver dragons
  Grunn (Depths:2)
  The ghost of Icwoexe the Stormcaller, an adept DrCj of Vehumet (Shoals:3)
  10 acid blobs
  2 deep elf blademasters (Elf:3)
  2 deep elf master archers (Elf:3)
  An Executioner (D:4)
  A death cob (Zot:5)
  4 tentacled starspawn
  Agnes (D:14)
  The ghost of Xeucuol the Impaler, an adept MiFi of Jiyva (Shoals:2)
  4 ancient champions
  Frances (D:13)
  10 tengu reavers
  6 sphinxes
  Donald (Spider:2)
  Kirke (Spider:2)
  7 storm dragons
  Ilsuiw (Shoals:2)
  7 shadow dragons
  7 rockslimes
  4 azure jellies
  2 draconian monks
  12 fire giants
  2 revenants (Crypt:3)
  11 frost giants
  An iron dragon (Vaults:5)
  A daeva (Zot:2)
  8 emperor scorpions
  2 imperial myrmidons (Desolation)
  2 draconian knights
  7 ghost moths
  3 ghouls (Crypt:1)
  6 deep elf sorcerers
  A caustic shrike zombie (Abyss:3)
  Aizul (Shoals:1)
  A curse skull (Crypt:1)
  6 spriggan defenders
  17 vault wardens
  2 draconian shifters (Zot:3)
  A draconian stormcaller (Zot:3)
  2 orc warlords
  A draconian scorcher (Zot:3)
  A broodmother (Spider:3)
  3 deep elf elementalists
  2 spectral juggernauts (Crypt:3)
  8 ironbound preservers
  4 reapers
  6 war gargoyles
  7 quicksilver oozes
  2 draconian annihilators
  35 very ugly things
  18 stone giants
  7 ironbound thunderhulks
  5 deep elf demonologists
  Azrael (Spider:2)
  Nessos (Lair:3)
  8 green draconians
  2 putrid mouths (Depths:2)
  17 vampire knights
  4 entropy weavers
  12 red draconians
  5 purple draconians
  9 eidola
  8 deep elf annihilators
  4 spark wasps
  A yellow draconian (Depths:4)
  2 halazid warlocks (Desolation)
  5 dire elephants
  5 white draconians
  5 crystal guardians
  12 deep elf death magi
  7 ragged hierophants (Desolation)
  2 green deaths
  A quicksilver dragon zombie (Crypt:2)
  3 spectral quicksilver dragons (Crypt:3)
  10 ettins
  9 merfolk impalers
  9 jiangshi
  3 merfolk javelineers
  4 deep elf high priests
  A spectral spriggan (Crypt:3)
  Josephine (D:14)
  20 yaktaur captains
  11 great orbs of eyes
  5 fire dragons
  31 vault guards
  6 ice dragons
  2 hydras
  8 peacekeepers
  9 servants of whispers (Desolation)
  6 radroaches
  2 rakshasas
  An ogre mage (D:15)
  An alligator snapping turtle (Shoals:4)
  4 spriggan air magi
  9 ironbound frosthearts
  2 death knights
  6 merfolk aquamancers
  A merfolk avatar (Shoals:1)
  17 centaur warriors
  2 satyrs
  6 boulder beetles
  A deep troll shaman (Depths:1)
  8 two-headed ogres
  5 spectral storm dragons (Crypt:3)
  7 vampire magi
  6 orc high priests (Orc:2)
  5 death yaks
  3 deep troll earth magi
  13 dancing weapons
  3 spriggan berserkers
  6 tengu warriors
  3 spectral dire elephants (Crypt:3)
  A soul eater (Crypt:2)
  A spectral naga (Crypt:3)
  2 thrashing horrors
  Nergalle (Lair:3)
  10 hell knights
  18 skeletal warriors
  13 deep elf knights
  5 iron trolls
  A salamander mystic (Depths:4)
  A sun moth (Spider:2)
  A wretched star (Abyss:3)
  4 pharaoh ants
  A sixfirhy (Abyss:2)
  5 shadow wraiths
  A spectral bunyip (Crypt:3)
  Amaemon (Lair:2)
  A spectral anaconda (Crypt:3)
  7 sea snakes
  5 steelbarb worms
  A storm dragon skeleton (Crypt:3)
  A goliath frog (Lair:5)
  A glowing orange brain (Depths:4)
  15 deep trolls
  A glowing orange brain (shapeshifter) (Vaults:5)
  9 flayed ghosts
  23 harpies
  16 orb spiders
  15 deep elf archers
  A spectral iron dragon (Crypt:3)
  12 lindwurms
  29 phantasmal warriors
  22 ironbound convokers
  24 deep elf pyromancers
  A fire giant zombie (D:15)
  A shadow dragon skeleton (Vaults:3)
  9 wizards
  2 salamanders (Depths:4)
  23 deep elf zephyrmancers
  7 necromancers
  A salamander (shapeshifter) (Depths:3)
  12 orc knights
  3 orc sorcerers (Orc:2)
  27 ugly things
  A shining eye (shapeshifter) (D:14)
  4 spectral ettins (Crypt:3)
  19 wolf spiders
  2 shining eyes
  10 manticores
  13 fauns
  2 spectral centaurs (Crypt:3)
  A worldbinder (Abyss:2)
  5 cyclopes
  12 elephants (Lair:5)
  A stone giant skeleton (Vaults:3)
  4 black mambas
  14 vault sentinels
  18 merfolk sirens
  2 guardian serpents (Desolation)
  An elephant (shapeshifter) (Depths:1)
  9 moths of wrath
  2 eyes of devastation
  An orange demon (Lair:2)
  A torpor snail (shapeshifter) (Depths:4)
  An ice statue (IceCv)
  3 gargoyles
  2 fire giant skeletons (Vaults:3)
  5 water nymphs
  2 molten gargoyles (Desolation)
  6 torpor snails
  18 cane toads
  A smoke demon (Abyss:3)
  2 rime drakes (shapeshifter)
  An apocalypse crab (Abyss:3)
  Maggie (D:10)
  A shock serpent skeleton (Crypt:1)
  A frost giant skeleton (Vaults:3)
  9 demonic crawlers
  4 efreet
  14 freezing wraiths
  An elephant slug zombie (Crypt:1)
  A kobold demonologist (D:13)
  A hellwing (D:13)
  7 rime drakes
  A komodo dragon (shapeshifter) (D:14)
  46 yaktaurs
  7 komodo dragons
  12 starcursed masses
  3 anaconda simulacra
  15 ice devils
  A death yak skeleton (Crypt:3)
  A grey draconian skeleton (Crypt:3)
  An alligator snapping turtle skeleton (Crypt:1)
  A bunyip simulacrum (Crypt:3)
  2 tormentors (Depths:2)
  5 tengu conjurers
  A minotaur skeleton (Crypt:1)
  A red draconian skeleton (Crypt:2)
  A guardian mummy (D:15)
  3 spectral harpies (Crypt:3)
  A troll (shapeshifter) (D:13)
  4 ancient zymes
  A harpy zombie (Crypt:3)
  A yellow draconian skeleton (Crypt:3)
  3 meliai (Spider:4)
  A yaktaur skeleton (Vaults:3)
  23 merfolk
  4 wind drakes
  7 trolls
  4 hornets (Depths:2)
  4 polar bears
  A queen bee (Orc:1)
  46 saltlings (Desolation)
  21 tarantellas
  22 dream sheep
  3 tyrant leeches (Lair:5)
  A guardian serpent zombie (Crypt:2)
  22 blink frogs
  An ettin zombie (D:15)
  A raiju (Abyss:3)
  A raiju (shapeshifter) (D:14)
  81 slime creatures
  Prince Ribbit (D:6)
  A boulder beetle zombie (Crypt:1)
  4 snapping turtles
  Sigmund (D:6)
  31 jumping spiders
  26 culicivoras
  6 small abominations
  A centaur simulacrum (Crypt:3)
  A dire elephant simulacrum (Crypt:3)
  A jumping spider (shapeshifter) (Vaults:3)
  A shadow (D:12)
  5 wyverns
  4 spriggans (Depths:2)
  13 water elementals
  9 air elementals
  A vampire (Abyss:3)
  10 wraiths
  13 large abominations
  A spriggan skeleton (D:15)
  A human (Spider:2)
  4 basilisks
  51 yaks
  2 chaos spawn (Abyss:3)
  2 hogs (Spider:2)
  A neqoxec (Abyss:2)
  27 fire elementals
  22 vampire mosquitoes
  5 death yak simulacra (IceCv)
  50 redbacks
  3 wargs
  A harpy simulacrum (IceCv)
  An acid dragon (D:9)
  3 hydra simulacra (IceCv)
  A hell hound (Spider:2)
  20 water moccasins
  2 ice beasts (D:7)
  45 orc warriors
  2 glowing shapeshifter skeletons
  3 black bears
  An ettin simulacrum (Crypt:3)
  6 ogres
  A tengu (shapeshifter) (Vaults:5)
  6 wolves
  7 centaurs
  A fire crab zombie (Crypt:1)
  3 phantoms (D:9)
  Blork the orc (D:6)
  3 elf zombies (Elf:1)
  A kobold brigand (D:8)
  19 bullfrogs
  5 earth elementals
  3 elf skeletons
  A draconian skeleton (Crypt:2)
  4 necrophages
  3 cane toad simulacra (IceCv)
  5 scorpions
  A two-headed ogre simulacrum (IceCv)
  2 troll zombies (D:9)
  5 elephant simulacra (IceCv)
  24 killer bees
  A wolf zombie (Crypt:1)
  2 electric eels
  A jelly (D:4)
  A yak skeleton (Crypt:3)
  3 howler monkeys
  A black bear zombie (Crypt:2)
  A bullfrog skeleton (Crypt:3)
  11 hounds
  A human zombie (Crypt:3)
  A gnoll bouda (D:2)
  24 orc priests
  2 iron imps (Abyss:2)
  4 human skeletons
  4 iguanas
  16 orc wizards
  A basilisk skeleton (Crypt:1)
  A troll simulacrum (IceCv)
  4 polar bear simulacra (IceCv)
  3 wolf simulacra (IceCv)
  2 spriggan simulacra (IceCv)
  6 ogre zombies (D:9)
  A sky beast zombie (Crypt:1)
  An acid dragon skeleton (Crypt:1)
  8 mummies (Ossuary)
  11 gnolls
  A howler monkey skeleton (Crypt:2)
  11 adders
  A naga simulacrum (IceCv)
  A shadow imp (D:7)
  3 white imps
  2 ufetubi
  An iguana skeleton (Crypt:3)
  5 worms
  6 dart slugs
  66 orcs
  8 endoplasms
  3 giant cockroaches
  2 gnoll zombies (Ossuary)
  6 goblins
  8 hobgoblins
  14 jackals
  3 quokkas
  10 ball pythons
  A ball python skeleton (Crypt:3)
  6 bats
  5 frilled lizards
  A gnoll skeleton (Crypt:2)
  3 goblin skeletons
  2 goblin zombies (D:9)
  A hobgoblin skeleton (D:9)
  4 hobgoblin zombies
  20 kobolds
  A kobold zombie (Ossuary)
  8 orc skeletons
  16 orc zombies
  2 rats
  3 starspawn tentacles
2406 creatures vanquished.

Vanquished Creatures (others)
  A pharaoh ant (Spider:2)
  2 deep elf zephyrmancers
  A saltling (Desolation)
  2 tarantellas (Spider:2)
  3 jumping spiders
  A fire elemental (Elf:1)
  3 redbacks
  An orc wizard (D:7)
  An orc (Orc:2)
  3 ball lightnings (Shoals:3)
  3 bushes (Lair:5)
  36 fungi
  2 lurking horrors (Abyss:2)
  86 plants
  9 starspawn tentacles
  2 withered plants (Zot:5)
156 creatures vanquished.

Grand Total: 2562 creatures vanquished

Notes
Turn   | Place    | Note
-------+----------+-------------------------------------------
     0 | D:1      | nono the Ghoul Fighter began the quest for the Orb.
     0 | D:1      | Reached XP level 1. HP: 19/19 MP: 0/0
    68 | D:1      | Reached XP level 2. HP: 21/26 MP: 1/1
   339 | D:1      | Reached XP level 3. HP: 28/33 MP: 2/2
   627 | D:1      | Found a faded altar of an unknown god.
   660 | D:1      | Got Plato's Lectures on Rank Variation
   966 | D:2      | Reached XP level 4. HP: 37/40 MP: 3/3
  1081 | D:2      | Reached skill level 4 in Fighting
  1694 | D:3      | Reached XP level 5. HP: 20/46 MP: 4/4
  2359 | D:3      | Found a hide-covered altar of Uskayaw.
  2937 | D:2      | Reached XP level 6. HP: 22/53 MP: 5/5
  3330 | D:4      | Found an opulent altar of Gozag.
  3330 | D:4      | Found an opulent altar of Gozag.
  3331 | D:4      | Found an opulent altar of Gozag.
  3356 | D:4      | Found a snail-covered altar of Cheibriados.
  3523 | D:4      | Found an opulent altar of Gozag.
  3756 | D:4      | Reached skill level 5 in Fighting
  3814 | D:4      | Found a basalt altar of Yredelemnul.
  3969 | D:4      | Found a sacrificial altar of Ru.
  3970 | D:4      | Found a bloodstained altar of Trog.
  3971 | D:4      | Found a broken altar of Ashenzari.
  4224 | D:4      | Found a shadowy altar of Dithmenos.
  4244 | D:4      | Identified the +1 ring mail of Beogh's Felicitations {rC+
                  | Dex+4}
  4489 | D:5      | Entered Level 5 of the Dungeon
  4499 | D:5      | Reached XP level 7. HP: 60/61 MP: 6/6
  4591 | D:5      | Found a radiant altar of Vehumet.
  5031 | D:5      | Reached skill level 5 in Unarmed Combat
  5069 | D:5      | Found a sparkling altar of Nemelex Xobeh.
  5190 | D:5      | Reached XP level 8. HP: 70/70 MP: 7/7
  5316 | D:5      | Found Xaxa Qomothre's Magic Scroll Boutique.
  5341 | D:5      | Reached skill level 6 in Fighting
  5421 | D:6      | Noticed Sigmund
  5434 | D:5      | Reached skill level 5 in Armour
  5434 | D:5      | Reached skill level 5 in Shields
  5453 | D:6      | Noticed Blork the orc
  5583 | D:6      | Noticed a boulder beetle
  5815 | D:6      | Noticed Prince Ribbit
  5844 | D:6      | Killed Prince Ribbit
  6340 | D:6      | Identified the +9 war axe "Haiwnank" {drain, *Rage Str+5
                  | Int+4}
  6385 | D:7      | Found a staircase to the Ecumenical Temple.
  6392 | Temple   | Entered the Ecumenical Temple
  6493 | D:7      | Reached skill level 7 in Fighting
  6493 | D:7      | Reached XP level 9. HP: 79/79 MP: 8/8
  6896 | D:7      | Identified the +4 arbalest "Olillag" {venom, Fly rN+++
                  | Str+5 Dex-5}
  7305 | D:7      | Reached skill level 8 in Fighting
  7459 | D:6      | Reached XP level 10. HP: 88/88 MP: 9/9
  7759 | D:6      | Killed Blork the orc
  7797 | D:6      | Killed Sigmund
  8107 | D:8      | Found a transporter.
  8111 | D:8      | Found a transporter.
  8116 | D:8      | Found a transporter.
  8116 | D:8      | Found a transporter.
  8122 | D:8      | Found a transporter.
  8122 | D:8      | Found a transporter.
  8206 | D:8      | Reached skill level 1 in Axes
  8354 | D:8      | Found a sand-covered staircase.
  8368 | Ossuary  | Entered an ossuary
  8603 | Ossuary  | Identified 2 scrolls of acquirement
  8604 | Ossuary  | Acquired a +1 helmet of see invisible
  8618 | Ossuary  | Acquired the ring "Naedobb" {rC+ Int+6 Dex+3 Slay+2}
  8790 | D:8      | Noticed a two-headed ogre
  8800 | D:8      | Killed a two-headed ogre
  8801 | D:8      | Reached skill level 9 in Fighting
  9161 | D:8      | Noticed a two-headed ogre
  9177 | D:8      | Killed a two-headed ogre
  9386 | D:8      | Found an iron altar of Okawaru.
  9394 | D:8      | Became a worshipper of Warmaster Okawaru
  9864 | D:9      | Found a staircase to the Lair.
 10066 | D:9      | Reached XP level 11. HP: 99/99 MP: 10/10
 10096 | D:9      | Reached * piety under Okawaru
 10238 | D:9      | Identified the +11 quarterstaff of Conservatism {elec,
                  | Drain rF+ rN+}
 10300 | D:9      | Found a staircase to the Orcish Mines.
 10383 | D:9      | Reached skill level 1 in Invocations
 10838 | D:9      | Found a runed translucent door.
 10841 | D:9      | Found a burning altar of Makhleb.
 10841 | D:9      | Noticed a sixfirhy
 11033 | D:10     | Entered Level 10 of the Dungeon
 11117 | D:10     | Noticed a two-headed ogre
 11125 | D:10     | Killed a two-headed ogre
 11126 | D:10     | Reached skill level 10 in Fighting
 11324 | D:10     | Reached ** piety under Okawaru
 11900 | D:10     | Noticed Maggie
 11909 | D:10     | Killed Maggie
 11909 | D:10     | Reached *** piety under Okawaru
 12105 | D:11     | Found Xoler's Magic Scroll Boutique.
 12130 | D:11     | Bought a scroll of acquirement for 624 gold pieces
 12130 | D:11     | Acquired a manual of Shields
 12338 | D:11     | Found a frozen archway.
 12440 | IceCv    | Entered an ice cave
 13116 | IceCv    | Noticed a necromancer
 13117 | IceCv    | Reached XP level 12. HP: 59/108 MP: 14/14
 13137 | IceCv    | Reached skill level 5 in Axes
 13147 | IceCv    | Reached skill level 11 in Fighting
 13157 | IceCv    | Reached skill level 5 in Invocations
 13163 | IceCv    | Reached **** piety under Okawaru
 13167 | IceCv    | Reached skill level 10 in Shields
 13168 | IceCv    | HP: 4/110 [ice devil (6)]
 13580 | IceCv    | Found an ancient bone altar of Kikubaaqudgha.
 13942 | IceCv    | Got the Reference Book on Morbid Graupel
 14836 | D:11     | Found Tytad's Assorted Antiques.
 15241 | Lair:1   | Entered Level 1 of the Lair of Beasts
 15244 | Lair:1   | Identified the +11 flail of Rumy {spect, rPois rN+ Int+3
                  | Dex+3}
 15997 | Lair:1   | Reached ***** piety under Okawaru
 16484 | Lair:2   | Reached XP level 13. HP: 114/117 MP: 16/16
 16525 | Lair:2   | Noticed Amaemon
 16551 | Lair:2   | Reached skill level 10 in Armour
 16560 | Lair:2   | Killed Amaemon
 16560 | Lair:2   | Identified the +5 crystal plate armour "Poeg" {rCorr}
                  | (Okawaru gifted it to you on level 2 of the Lair of Beasts)
 16560 | Lair:2   | Received a gift from Okawaru
 16566 | Lair:2   | Reached skill level 12 in Fighting
 16858 | Lair:2   | Found a hole to the Spider Nest.
 17178 | Lair:2   | Found a staircase to the Shoals.
 17724 | Lair:3   | Noticed Nessos
 17744 | Lair:3   | Killed Nessos
 17948 | Lair:3   | Noticed Nergalle
 17966 | Lair:3   | Killed Nergalle
 18197 | Lair:4   | Noticed sastreii's ghost (journeyman DrBr)
 18217 | Lair:4   | Found a transporter.
 18234 | Lair:4   | Found a transporter.
 18236 | Lair:4   | Found a one-way gate to the infinite horrors of the Abyss.
 18351 | Lair:4   | Reached skill level 10 in Unarmed Combat
 19178 | Lair:5   | Entered Level 5 of the Lair of Beasts
 19286 | Lair:5   | Reached XP level 14. HP: 106/127 MP: 16/19
 19353 | Lair:5   | Reached skill level 13 in Fighting
 19469 | Lair:5   | Reached ****** piety under Okawaru
 19725 | Lair:5   | Identified the +9 broad axe "Ifesm" {speed, rElec Str+2
                  | Int+2 Stlth+} (Okawaru gifted it to you on level 5 of the
                  | Lair of Beasts)
 19725 | Lair:5   | Received a gift from Okawaru
 20114 | Lair:5   | Identified the +2 hand crossbow "Ujyh" {venom, rPois rF+
                  | Dex+3} (Okawaru gifted it to you on level 5 of the Lair of
                  | Beasts)
 20114 | Lair:5   | Received a gift from Okawaru
 20215 | Lair:5   | Found a staircase to the Slime Pits.
 20433 | Lair:1   | Reached skill level 10 in Invocations
 20436 | Lair:1   | Upgraded the game from 0.29.1-debian-1-gc3f1650bb9 to
                  | 0.30-a0-118-ga018f8e90f
 21143 | D:13     | Reached XP level 15. HP: 137/137 MP: 21/21
 21166 | D:13     | Found a transporter.
 21166 | D:13     | Noticed Murireun's ghost (journeyman GnFE)
 21168 | D:13     | Identified the +8 great mace of Wondrous Power {drain,
                  | *Corrode Str+4 Stlth+}
 21235 | D:13     | Reached skill level 14 in Fighting
 21459 | D:13     | Noticed Frances
 21471 | D:13     | Killed Frances
 21761 | D:13     | Noticed Jorgrun
 21761 | D:13     | Noticed Rupert
 22201 | D:14     | Identified Roxanne's Codex of Transmogrification
 22201 | D:14     | Noticed Roxanne
 22318 | D:14     | Noticed Josephine
 22329 | D:14     | Killed Josephine
 22343 | D:14     | Received a gift from Okawaru
 22576 | D:14     | Noticed Agnes
 22586 | D:14     | Killed Agnes
 22629 | D:14     | Found a gate to the Vaults.
 22937 | D:15     | Entered Level 15 of the Dungeon
 22955 | D:15     | Reached skill level 15 in Shields
 23257 | D:15     | Found a broken altar of Ashenzari.
 23355 | D:15     | Found a staircase to the Depths.
 23747 | D:13     | Killed Rupert
 23872 | Orc:1    | Entered Level 1 of the Orcish Mines
 24110 | Orc:1    | You fall into a shaft and drop 1 floor!
 24110 | Orc:2    | Entered Level 2 of the Orcish Mines
 24175 | Orc:2    | Reached skill level 15 in Fighting
 24684 | Orc:2    | Reached XP level 16. HP: 149/149 MP: 22/22
 24842 | Orc:2    | Found a staircase to the Elven Halls.
 25685 | Orc:2    | Found Kaehuorph's General Store.
 25688 | Orc:2    | Found Xeokic's Armour Shoppe.
 25689 | Orc:2    | Found Zacriq's Distillery.
 25690 | Orc:2    | Found Muploer's General Store.
 25701 | Orc:2    | Bought a scroll of teleportation for 45 gold pieces
 25705 | Orc:2    | Bought a potion of heal wounds for 70 gold pieces
 25705 | Orc:2    | Bought a potion of heal wounds for 70 gold pieces
 25877 | Spider:1 | Entered Level 1 of the Spider Nest
 26045 | Spider:1 | Identified the +4 ring mail "Reosaxiv" {Dex+2} (Okawaru
                  | gifted it to you on level 1 of the Spider Nest)
 26045 | Spider:1 | Received a gift from Okawaru
 26592 | Spider:2 | Noticed Donald
 26613 | Spider:1 | Identified the +2 leather armour of the Original Sin {-Tele
                  | rPois rF+ Slay+2}
 26773 | Spider:2 | Reached skill level 16 in Fighting
 26834 | Spider:2 | Noticed Azrael
 26974 | Spider:2 | Killed Azrael
 26985 | Spider:2 | Killed Donald
 26992 | Spider:2 | Noticed Kirke
 27001 | Spider:2 | Reached XP level 17. HP: 108/158 MP: 1/23
 27017 | Spider:2 | Killed Kirke
 27229 | Spider:2 | Received a gift from Okawaru
 28644 | Spider:4 | Entered Level 4 of the Spider Nest
 28670 | Spider:4 | Reached skill level 15 in Unarmed Combat
 28772 | Spider:4 | Received a gift from Okawaru
 29166 | Spider:4 | Reached skill level 17 in Fighting
 29269 | Spider:4 | Reached skill level 1 in Dodging
 29428 | Spider:4 | Identified the +5 flail of Foolhardiness {elec, +Blink rC+}
                  | (Okawaru gifted it to you on level 4 of the Spider Nest)
 29428 | Spider:4 | Received a gift from Okawaru
 29702 | Spider:4 | Got a gossamer rune of Zot
 29769 | Spider:4 | Reached skill level 5 in Dodging
 30044 | Vaults:1 | Entered Level 1 of the Vaults
 30134 | Vaults:1 | Reached XP level 18. HP: 139/169 MP: 19/24
 30721 | Vaults:1 | Identified the +8 quarterstaff "Dragon's Doom" {distort,
                  | rElec rF+ rN+}
 31856 | Vaults:2 | Received a gift from Okawaru
 32026 | Vaults:2 | Reached skill level 10 in Dodging
 32030 | Vaults:2 | Paralysed by a great orb of eyes for 5 turns
 32500 | Vaults:2 | Paralysed by a sphinx for 4 turns
 33259 | Vaults:3 | Received a gift from Okawaru
 33538 | Vaults:3 | Found a staircase to the Crypt.
 33544 | Crypt:1  | Entered Level 1 of the Crypt
 33825 | Crypt:1  | Found an ancient bone altar of Kikubaaqudgha.
 33936 | Crypt:1  | Reached XP level 19. HP: 177/177 MP: 23/25
 34456 | Crypt:1  | Got the Writings on Blasts
 34487 | Crypt:1  | Reached skill level 15 in Armour
 34820 | Crypt:1  | Received a gift from Okawaru
 35023 | Crypt:2  | Identified the +7 long sword of Inconvenience {flame, rF-
                  | Int+2 Dex+3}
 35714 | Crypt:3  | Entered Level 3 of the Crypt
 35747 | Crypt:3  | Reached skill level 18 in Fighting
 36168 | Crypt:3  | Received a gift from Okawaru
 36728 | Crypt:3  | Paralysed by a vampire knight for 5 turns
 36937 | Crypt:3  | Found a staircase to the Tomb.
 37056 | Crypt:3  | HP: 6/180 [ancient champion/+1 great sword of freezing
                  | (15)]
 37060 | Crypt:3  | Reached XP level 20. HP: 25/189 MP: 21/26
 37321 | Crypt:3  | Paralysed by a vampire knight for 5 turns
 39108 | Vaults:3 | Reached skill level 19 in Fighting
 39479 | Vaults:3 | Noticed Saint Roka
 39495 | Vaults:3 | Killed Saint Roka
 39636 | Vaults:3 | Received a gift from Okawaru
 40251 | Vaults:4 | Reached XP level 21. HP: 87/199 MP: 22/27
 40422 | Vaults:4 | Identified the +8 broad axe of the Harvest {flame, Dex+3}
                  | (Okawaru gifted it to you on level 4 of the Vaults)
 40422 | Vaults:4 | Received a gift from Okawaru
 41331 | Vaults:4 | Found a portal to a secret trove of treasure.
 41339 | Vaults:4 | You paid a toll of 7 scrolls of fog to enter a treasure
                  | trove
 41340 | Trove    | Entered a treasure trove
 41343 | Trove    | Found the +8 mithril axe "Arga" {speed, Will+}
 41354 | Trove    | Identified the +3 mace "Ikkifuism" {drain, SInv}
 41358 | Trove    | Identified the +3 long sword "Omyad" {vorpal, rN+ Int+5}
 41585 | Vaults:4 | Received a gift from Okawaru
 41736 | Vaults:5 | Entered Level 5 of the Vaults
 42049 | Elf:1    | Entered Level 1 of the Elven Halls
 42051 | Elf:1    | Paralysed by an air elemental for 1 turns
 42055 | Elf:1    | Paralysed by an air elemental for 1 turns
 42062 | Elf:1    | Paralysed by an air elemental for 1 turns
 42069 | Orc:2    | Paralysed by an air elemental for 1 turns
 42197 | Orc:2    | Acquired a manual of Unarmed Combat
 42243 | Elf:1    | You fall into a shaft and drop 1 floor!
 42300 | Elf:1    | Found a crumbling gateway.
 42310 | Desolati | Entered the Desolation of Salt
 42384 | Desolati | Identified the ring "Wimen" {rPois Int+4}
 42387 | Desolati | Identified the amulet of Noon {RegenMP rC++}
 42412 | Desolati | Got the Lectures on the Hurtful Crypt
 42415 | Desolati | Identified the ring "Fiunaito" {Will+ AC+4}
 42615 | Desolati | Got the Precepts of Combative Evolution
 42627 | Desolati | Identified the ring of Putet {MP+9 Str+7 SInv}
 42628 | Desolati | Identified the ring of Benevolence {rPois rC+++ Will- rCorr
                  | Slay+4}
 42819 | Desolati | Got the Catalogue of the Polar Spider
 42857 | Desolati | Identified the +5 quick blade "Demonbane" {drain, rF+
                  | Int+2}
 42863 | Desolati | Got Moog's Encyclopedia of Poison and Combat Magic
 43348 | Elf:1    | Found the ring of the Mage {Wiz Archmagi}
 43429 | Elf:1    | Found Ytucryse's Armour Shop.
 43438 | Elf:1    | Bought a +2 pair of gloves of hurling for 236 gold pieces
 43590 | Elf:1    | Reached XP level 22. HP: 198/209 MP: 28/28
 43718 | Elf:1    | Got the Quarto of Malignant Deeds
 44041 | Elf:2    | Identified the +1 short sword of the Jester {spect, Dex+4}
 44392 | Elf:2    | Received a gift from Okawaru
 44644 | Elf:3    | Entered Level 3 of the Elven Halls
 44730 | Elf:3    | Identified the +8 chain mail of Soashra {Drain rCorr Int+3
                  | Dex+3}
 44952 | Elf:3    | Identified the +5 long sword of Ypriafre {vorpal, Fly
                  | Dex+2}
 44952 | Elf:3    | Identified the ring of Disaster {rN+ Stlth+}
 44981 | Elf:3    | Reached skill level 10 in Axes
 45124 | Elf:3    | Paralysed by an air elemental for 1 turns
 45129 | Elf:3    | Paralysed by an air elemental for 1 turns
 45234 | Elf:3    | Found Cimmean's Antique Weapon Emporium.
 45449 | Elf:3    | Identified the ring "Vovywnio" {Wiz rPois rF+ Str-2 Int+3}
 45459 | Elf:3    | Identified the +11 flail of Instant Death {vorpal, rN+
                  | Will+}
 45563 | Elf:3    | Identified the +1 scale mail of Plog {rPois}
 45570 | Elf:3    | Identified the amulet of Seosik {RegenMP Contam Regen+
                  | Str-3 Int+8}
 45613 | Elf:3    | Identified the ring of the Four Youths {rElec rC+ Dex+6}
 45797 | Elf:3    | Identified the +7 battleaxe of Havoc {protect, Fragile
                  | rElec Str+6 Int+8}
 45799 | Abyss:2  | Cast into level 2 of the Abyss (a deep elf sorcerer)
 45822 | Abyss:2  | Found a hazy altar of Hepliaklqana.
 46092 | Abyss:2  | Noticed a dread lich
 46104 | Abyss:2  | Killed a dread lich
 46118 | Elf:3    | Escaped the Abyss
 46177 | Elf:3    | Got Kapeptos's Directory of Enchantment
 46735 | Shoals:1 | Entered Level 1 of the Shoals
 46780 | Shoals:1 | Noticed Aizul
 46799 | Shoals:1 | Killed Aizul
 47073 | Shoals:1 | Identified the +1 ring mail of the Original Sin {rN+ Int+5}
 47790 | Shoals:2 | Reached skill level 20 in Fighting
 47790 | Shoals:2 | Reached XP level 23. HP: 185/215 MP: 26/29
 47844 | Shoals:2 | Noticed Ilsuiw
 47863 | Shoals:2 | Killed Ilsuiw
 47877 | Shoals:2 | Found a runed translucent door.
 47896 | Shoals:2 | Noticed Xeucuol's ghost (adept MiFi)
 48110 | Shoals:2 | Killed Xeucuol's ghost
 48344 | Shoals:3 | Noticed Bai Suzhen
 48360 | Shoals:3 | Killed Bai Suzhen
 48733 | Shoals:3 | Found a runed translucent gate.
 48734 | Shoals:3 | Found a runed translucent gate.
 48736 | Shoals:3 | Found a runed translucent gate.
 48739 | Shoals:3 | Found the +7 lajatang of Order {silver, rMut}
 48761 | Shoals:3 | Noticed Icwoexe's ghost (adept DrCj)
 48779 | Shoals:3 | Killed Icwoexe's ghost
 48937 | Shoals:4 | Entered Level 4 of the Shoals
 49038 | Shoals:4 | Received a gift from Okawaru
 49181 | Shoals:4 | Got a barnacled rune of Zot
 49209 | Shoals:4 | Found Gucephas's Armour Boutique.
 49492 | Shoals:4 | Found a flickering gateway to a bazaar.
 49521 | Bazaar   | Entered a bazaar
 49521 | Bazaar   | Found Cemoc's Book Shoppe.
 49533 | Bazaar   | Found Daant's General Store.
 49541 | Bazaar   | Bought a potion of heal wounds for 70 gold pieces
 49541 | Bazaar   | Bought a potion of curing for 42 gold pieces
 49551 | Bazaar   | Found Nuenocw's Assorted Antiques.
 49557 | Bazaar   | Found Zurghysta's Jewellery Boutique.
 49565 | Bazaar   | Bought the ring "Ynluvaom" {rPois rF+ rN+ Will+ Slay+2} for
                  | 783 gold pieces
 49577 | Bazaar   | Bought the amulet of the Air {Inacc Air Fly rElec RMsl} for
                  | 564 gold pieces
 49577 | Bazaar   | Found the amulet of the Air {Inacc Air Fly rElec RMsl}
 50193 | Slime:1  | Entered Level 1 of the Pits of Slime
 50370 | Slime:3  | You fall into a shaft and drop 1 floor!
 50396 | Slime:4  | Identified the +0 cloak of Rotten Awe {rCorr Int+5 Dex-4}
                  | (Okawaru gifted it to you on level 4 of the Pits of Slime)
 50396 | Slime:4  | Received a gift from Okawaru
 50459 | Slime:5  | Entered Level 5 of the Pits of Slime
 50527 | Slime:5  | Found a viscous altar of Jiyva.
 50530 | Slime:5  | Noticed the Royal Jelly
 50577 | Slime:5  | Killed the Royal Jelly
 50681 | Slime:5  | Identified the ring of Zesis {Fly Int+3}
 50690 | Slime:5  | Identified the +1 ring mail "Jaschamn" {-Cast rElec rN+
                  | Stlth+}
 50740 | Slime:5  | Identified the +6 shortbow "Ismaisauwa" {freeze, rF+ Str+3
                  | Int+2 Dex+3}
 50744 | Slime:5  | Got a slimy rune of Zot
 50792 | Slime:5  | Got the Essays on the Pyromaniac and Combat Magic
 51116 | Depths:1 | Entered Level 1 of the Depths
 51160 | Depths:1 | Found a gateway to Hell.
 51161 | Abyss:2  | Cast into level 2 of the Abyss (hell knight)
 51259 | Abyss:3  | Reached skill level 21 in Fighting
 51259 | Abyss:3  | Reached XP level 24. HP: 147/228 MP: 22/29
 51448 | Abyss:3  | Paralysed by accursed screaming for 1 turns
 51490 | Depths:1 | Escaped the Abyss
 51819 | Depths:1 | Identified the +2 scale mail of the Vestibule of Hell
                  | {Int+5}
 52150 | Depths:1 | Found a one-way gateway to a ziggurat.
 52837 | Depths:2 | Noticed Grunn
 53041 | Depths:2 | Noticed Sojobo
 53081 | Depths:2 | Paralysed by an air elemental for 1 turns
 53304 | Depths:2 | Identified the +18 crystal plate armour of Dadwas {Dex+8
                  | Slay-4} (Okawaru gifted it to you on level 2 of the Depths)
 53304 | Depths:2 | Received a gift from Okawaru
 53316 | Depths:2 | Killed Grunn
 53337 | Depths:2 | Found a burning altar of Makhleb.
 53404 | Depths:2 | Noticed the Enchantress
 53438 | Depths:2 | Killed the Enchantress
 53492 | Depths:2 | Killed Sojobo
 53581 | Depths:1 | Identified the +8 quarterstaff "Dilyitzyd" {drain, *Corrode
                  | +Blink Dex+5 Stlth+}
 54023 | Depths:2 | Found a one-way gate leading to the halls of Pandemonium.
 54031 | Depths:2 | Reached XP level 25. HP: 219/237 MP: 29/29
 54085 | Depths:2 | Reached skill level 22 in Fighting
 54291 | Depths:2 | You fall into a shaft and drop 1 floor!
 54686 | Depths:3 | Found a gateway to a bazaar.
 54698 | Bazaar   | Entered a bazaar
 54698 | Bazaar   | Found Neuseilo's Antique Weapon Shop.
 54698 | Bazaar   | Found Xehiph's Jewellery Emporium.
 54698 | Bazaar   | Found Utakosiryji's Weapon Shop.
 54698 | Bazaar   | Found Pyluosk's Assorted Antiques.
 54700 | Bazaar   | Found Byodghoah's Antique Weapon Shoppe.
 54742 | Bazaar   | Bought a potion of heal wounds for 110 gold pieces
 54742 | Bazaar   | Bought a scroll of blinking for 165 gold pieces
 54742 | Bazaar   | Bought a scroll of magic mapping for 165 gold pieces
 54742 | Bazaar   | Bought a potion of resistance for 220 gold pieces
 54808 | Depths:3 | Found Esoa's Weapon Shoppe.
 54879 | Depths:3 | Found Yliceid's General Store.
 54888 | Depths:3 | Bought 2 potions of haste for 400 gold pieces
 54888 | Depths:3 | Bought a potion of curing for 60 gold pieces
 55747 | Depths:3 | Identified the +1 hat of Xom, Imbibing {Int+4 Dex+4}
 55748 | Depths:3 | Identified the +4 morningstar of the Floral God {vorpal,
                  | rF+ Str+6 Dex-2}
 55887 | Depths:3 | Found a blossoming altar of Fedhas.
 55976 | Depths:4 | Entered Level 4 of the Depths
 55976 | Depths:4 | Noticed Vv
 55994 | Depths:4 | Killed Vv
 55994 | Depths:4 | Identified the +0 pair of boots of Solod {rF+ Dex+6}
                  | (Okawaru gifted it to you on level 4 of the Depths)
 55994 | Depths:4 | Received a gift from Okawaru
 56237 | Depths:4 | Noticed Parghit
 56255 | Depths:4 | Killed Parghit
 56527 | Depths:4 | Found a gate to the Realm of Zot.
 56870 | Vaults:5 | Reached XP level 26. HP: 248/249 MP: 23/29
 56884 | Vaults:5 | Reached skill level 23 in Fighting
 56928 | Vaults:5 | Noticed an ancient lich
 56961 | Vaults:5 | Killed an ancient lich
 57039 | Vaults:5 | Noticed Mennas
 57195 | Vaults:5 | Identified the +6 tower shield of Patterns {-Tele *Slow
                  | rElec Regen+} (Okawaru gifted it to you on level 5 of the
                  | Vaults)
 57195 | Vaults:5 | Received a gift from Okawaru
 57243 | Vaults:5 | Noticed an ancient lich
 57263 | Vaults:5 | Killed an ancient lich
 57314 | Vaults:5 | Reached skill level 15 in Dodging
 57510 | Vaults:5 | Killed Mennas
 57564 | Abyss:3  | Found a corrupted altar of Lugonu.
 57564 | Abyss:3  | Cast into level 3 of the Abyss (a deep elf sorcerer)
 57622 | Vaults:5 | Escaped the Abyss
 58411 | Vaults:5 | Got a silver rune of Zot
 58834 | Zot:1    | Entered Level 1 of the Realm of Zot
 59160 | Zot:3    | Reached skill level 24 in Fighting
 59238 | Zot:3    | Noticed an orb of fire
 59268 | Zot:3    | Killed an orb of fire
 59269 | Zot:3    | Reached XP level 27. HP: 199/261 MP: 25/29
 59318 | Zot:3    | Noticed an orb of fire
 59323 | Zot:3    | Killed an orb of fire
 59341 | Zot:4    | Identified the +5 kite shield of Soxtot {Str-4 Dex+6}
 59375 | Zot:5    | Entered Level 5 of the Realm of Zot
 59464 | Zot:5    | Found a runed translucent door.
 59467 | Zot:5    | Noticed QuickerDeath's ghost (veteran SpHu)
 59530 | Zot:5    | Noticed a dread lich
 59532 | Zot:5    | Got the Orb of Zot
 59533 | Zot:5    | Noticed an orb of fire
 59540 | Zot:5    | Received a gift from Okawaru
 59541 | Zot:5    | Noticed an ancient lich
 59543 | Zot:5    | Noticed an orb of fire
 59546 | Zot:5    | Noticed a dread lich
 59558 | Zot:5    | Noticed an ancient lich
 59603 | Zot:3    | Acquired a manual of Ice Magic
 60163 | D:4      | Noticed Zeah Gaw the pandemonium lord
 60244 | D:$      | Escaped with the Orb!

Illustrated notes

Levels and vault maps discovered:
D:1:      arrival_zaba_pyramid, layout_basic,
          shapermc_ecumenical_altar_rom_forum
D:2:      layout_rooms
D:3:      layout_rooms, nicolae_uskayaw_suspiria, minmay_misc_feat_room,
          grunt_ministairs_11, st_stairs_1
D:4:      layout_loops_corners, nicolae_overflow_crystal_walls,
          kennysheep_slug_shrine, overflow_temple_1_default,
          nicolae_gozag_conspicuous_consumption,
          chequers_temple_overflow_statue_of_worship
D:5:      layout_rooms, nemelex_dance_club_becter, nicolae_vehumet_altar_sigil,
          serial_shops, kennysheep_mini_moat
D:6:      layout_basic, lightli_corner_chamber, uniq_blork_the_orc,
          uniq_prince_ribbit1, uniq_sigmund
D:7:      layout_loops_cross, minmay_temple_entry_wispy
D:8:      layout_basic, okawaru_altar_gauntlet_db,
          lemuel_coloured_pillars_altar, nicolae_ossuary_entry_catacombs,
          minmay_crystal_water, serial_nicolae_subway,
          nicolae_sub_station_metal, nicolae_sub_station_stone,
          nicolae_sub_station_crystal
D:9:      layout_loops_ring, nzn_makhleb_speed_demon, elyvilon_altar_4,
          erik_lair_island, zombieorc2_lemuel, minmay_misc_feat_four_crosses
D:10:     layout_roguey, uniq_maggie
D:11:     layout_irregular_city, portal_ice_cave_entry_pillars_1, serial_shops,
          nicolae_stop_n_shop_2, shop
D:12:     layout_loops_ring
D:13:     layout_cross, gammafunk_ghost_smash, uniq_rupert, uniq_frances,
          uniq_jorgrun
D:14:     layout_small_grid, david_vaults_2, hangedman_decor_lopped,
          minmay_orc_keep, uniq_agnes, uniq_roxanne, uniq_josephine
D:15:     gammafunk_depths_entry_grave, layout_small_grid, ashenzari_altar_1
Temple:   nicolae_temple_ecumenical_triangle
Lair:1:   wander_river, layout_cave_pods, st_stairs_10
Lair:2:   layout_long_grid, minmay_shoals_entry_hut, spider_nest_entry_rubble,
          amcnicky_mini_pool_medium, uniq_amaemon
Lair:3:   layout_regular_city, serial_rivers, chequers_serial_rivers_micro_e,
          chequers_serial_rivers_large_a, chequers_serial_rivers_micro_b,
          chequers_serial_rivers_small_b, uniq_nergalle, uniq_nessos
Lair:4:   layout_cave_pods, gammafunk_ghost_abyssal_escape
Lair:5:   minmay_lair_end_frog_pond, layout_concentric_octagons,
          dpeg_slime_entry_enclosed
Shoals:1: layout_shoals, uniq_aizul
Shoals:2: cheibrodos_shoals_oceanic_diplomacy, layout_shoals,
          gammafunk_ghost_grave, uniq_ilsuiw
Shoals:3: layout_shoals, ebering_ghost_rock_garden, uniq_bai_suzhen
Shoals:4: shoals_end_hangedman, layout_shoals, serial_shops, bzr_entry_gold,
          nicolae_shop_statue_plus, nicolae_shoals_mertower
Spider:1: layout_spider_delve
Spider:2: layout_spider_delve, uniq_kirke, uniq_donald, uniq_azrael
Spider:3: nicolae_spider_hilbert_zone_6 [nicolae_spider_hilbert_4_sides_1_open,
          nicolae_spider_hilbert_4_sides_1_open,
          nicolae_spider_hilbert_4_sides_1_open,
          nicolae_spider_hilbert_4_sides_1_open,
          nicolae_spider_hilbert_4_sides_1_open,
          nicolae_spider_hilbert_4_sides_1_open,
          nicolae_spider_hilbert_4_sides_1_open]
Spider:4: grunt_spider_rune_circles, hellmonk_narrow_tunnel
Slime:1:  layout_caves
Slime:2:  layout_caves
Slime:3:  layout_caves
Slime:4:  layout_caves, uniq_dissolution
Slime:5
Orc:1:    layout_diamond_mine, special_room [special_room_bee]
Orc:2:    st_orc_pillars, layout_caves
Elf:1:    nicolae_elf_arrival_aired_out, layout_loops_ring, serial_shops, shop,
          portal_desolation_entry_ruin, minmay_elf_necromancy
Elf:2:    nicolae_elf_blades_splatter_lattice
          [nicolae_blade_entry_hurt_lockers], layout_gridlike
Elf:3:    grunt_elf_hall_diamonds, layout_geoelf_octagon, serial_shops,
          nicolae_shop_stone, minmay_misc_feat_diagonals
Vaults:1: vaults_dpeg_diagonal, grunt_vaults_hallway_long,
          hangedman_vaults_restitches, hangedman_vaults_restitches,
          ontoclasm_vaults_ligature, v_alt_pattern_1, ontoclasm_vaults_chip,
          nicolae_vaults_ring_of_whatevers, vaults_dpeg_hooks,
          layout_vaults_omnigrid
Vaults:2: nicolae_vaults_network_quincunx
          [nicolae_vaults_network_quincunx_subvault,
          nicolae_vaults_network_quincunx_subvault,
          nicolae_vaults_network_quincunx_subvault,
          nicolae_vaults_network_quincunx_subvault,
          nicolae_vaults_network_quincunx_subvault], grunt_vaults_bifocal,
          nicolae_vaults_little_ls, v_pattern_1,
          nicolae_vaults_network_quinsquares
          [nicolae_vaults_network_quincunx_subvault,
          nicolae_vaults_network_quincunx_subvault,
          nicolae_vaults_network_quincunx_subvault,
          nicolae_vaults_network_quincunx_subvault],
          ontoclasm_vaults_misaligned, v_misc_5, v_misc_11,
          vaults_standard_mumra_enter_the_diamond, v_alt_pattern_4,
          grunt_vaults_focal, v_misc_24, ontoclasm_vaults_loading_screen,
          v_misc_13, layout_vaults_omnicross
Vaults:3: vaults_room_large_hall, hangedman_vaults_variations,
          minmay_crypt_entry_skeletal_spiral, v_misc_27,
          nicolae_vaults_ring_of_whatevers, nicolae_vaults_ninety_degrees,
          vaults_dpeg_spiral, v_misc_22, vaults_room_guarded_vault,
          hangedman_vaults_hat, v_misc_17, v_misc_16,
          nicolae_vaults_yaktaur_gun_rack, layout_vaults_ring, uniq_saint_roka
Vaults:4: vaults_standard_mumra_enter_the_diamond, vaults_mumra_minichess,
          nicolae_vaults_little_squares_5, hangedman_vaults_stagger, v_misc_33,
          nicolae_vaults_gold_heap, grunt_vaults_swirl,
          vaults_room_grunt_arrival_ludios, layout_vaults_omnibox,
          nicolae_trove_entry_diagonal
Vaults:5: uniq_mennas
Crypt:1:  layout_misc_corridors, basic_altar, feat_on_display
Crypt:2:  layout_catacombs, uniq_margery
Crypt:3:  due_elkab, layout_chaotic_city, item_on_display_a
Depths:1: layout_roguey, enter_ziggurat_c, interstate_on_off, grunt_metal_band,
          nrook_campfire, minmay_fractal_squares_gapless_7, grunt_megastairs_5,
          firewood_loft
Depths:2: cheibrodos_birdhouse, layout_cave_pools, serial_glass,
          glass_columns_c, glass_columns_a, glass_columns_a, glass_columns_c,
          glass_columns_c, glass_columns_b, grunt_hell_entry_dis_old, pan_entry,
          nzn_life_drinkers, uniq_grunn, uniq_sojobo, uniq_enchantress
Depths:3: lemuel_traditional_vault, layout_gridlike, fedhas_altar_4,
          abyss_entry, serial_shops, bzr_firewalk, shop, shop, hell_entry,
          minmay_statues_item
Depths:4: grunt_x_marks_the_spot, layout_cave_pools, hell_entry, abyss_entry,
          pan_entry, minmay_misc_feat_nine_boxes, minmay_tree_intersection,
          serial_bayou_shore_b, uniq_parghit, uniq_vv
Zot:1:    layout_twisted_circle
Zot:2:    cheibrodos_zot_enchanting_chambers, layout_concentric_octagons
Zot:3:    lemuel_firehouse, layout_concentric_octagons
Zot:4:    layout_concentric_octagons
Zot:5:    layout_misc_corridors, gammafunk_ghost_grave

Skill      XL: |  1  2  3  4  5  6  7  8  9 10 11 12 13 14 15 16 17 18 19 20 21 22 23 24 25 26 27 |
---------------+----------------------------------------------------------------------------------+-----
Armour         | 3 4 5 6 8 9 10 11 12 13 14 15 16 17 18 19 20 21 | 21.0
Shields        | 3 4 5 6 8 9 11 12 14 15 16 17 18 19 20 21 22 | 22.0
Fighting       | 4 5 7 8 9 10 11 12 13 15 16 17 18 19 20 21 22 24 | 24.5
Unarmed Combat | 3 4 5 6 7 8 9 10 11 13 14 15 17 18 22 23 | 23.1
Axes           | 3 4 5 7 11 | 11.6
Invocations    | 4 6 8 10 | 10.0
Dodging        | 5 10 11 13 14 16 17 | 17.5

Action                   |  1- 3 |  4- 6 |  7- 9 | 10-12 | 13-15 | 16-18 | 19-21 | 22-24 | 25-27 || total
-------------------------+-------+-------+-------+-------+-------+-------+-------+-------+-------++-------
Melee: Unarmed           |   105 |   296 |   301 |    53 |   528 |  1878 |  1599 |  1954 |  1305 ||  8019
       War axe           |       |       |       |   558 |   350 |       |       |       |       ||   908
       Broad axe         |       |       |       |       |   202 |    20 |   427 |   457 |       ||  1106
Invok: Heroism           |       |       |       |    16 |    34 |    59 |    59 |    50 |    37 ||   255
       Finesse           |       |       |       |       |     8 |    16 |    12 |    13 |    14 ||    63
Evoke: Wand              |       |       |       |     2 |     4 |       |       |     4 |     1 ||    11
       Phial of floods   |       |       |       |       |       |       |     1 |       |       ||     1
  Use: Scroll            |       |     6 |     1 |    19 |     3 |     5 |     4 |     4 |    27 ||    69
       Potion            |       |     1 |     4 |     6 |     2 |     2 |     1 |     3 |     9 ||    28
 Stab: Invisible         |       |       |       |     1 |       |       |       |       |     4 ||     5
Armor: Scale mail        |    42 |    95 |   125 |   283 |    24 |       |       |       |       ||   569
       Ring mail         |       |     2 |    26 |       |       |       |       |       |       ||    28
       Crystal plate arm |       |       |       |       |   644 |  1028 |   970 |   768 |   364 ||  3774
Dodge: Dodged            |    43 |   112 |   102 |   226 |   216 |   399 |   445 |   462 |   365 ||  2370
Block: Buckler           |    11 |    51 |    14 |       |       |       |       |       |       ||    76
       Kite shield       |       |       |    87 |   338 |   728 |  1124 |   902 |       |       ||  3179
       Tower shield      |       |       |       |       |       |       |   349 |  2028 |  1211 ||  3588

Table legend: (Time is in decaauts)
 A = Elapsed time spent in this place.
 B = Non-inter-level travel time spent in this place.
 C = Inter-level travel time spent in this place.
 D = Time resting spent in this place.
 E = Time spent auto-exploring this place.
 F = Levels seen in this place.
 G = Mean time per level.
                   A        B        C        D        E       F      G
               +--------+--------+--------+--------+--------+-----+--------+
         Total |  57548 |  50963 |   6585 |   4277 |  28983 |  66 |  871.9 |
       Dungeon |  17292 |  15652 |   1640 |   1661 |  10305 |  15 | 1152.8 |
        Temple |     65 |     44 |     21 |      0 |      0 |   1 |   65.0 |
          Lair |   5649 |   4975 |    674 |    292 |   3320 |   5 | 1129.8 |
        Shoals |   3266 |   2510 |    756 |      0 |   1319 |   4 |  816.5 |
   Spider Nest |   3630 |   2847 |    783 |    330 |   1027 |   4 |  907.5 |
    Slime Pits |    541 |    479 |     62 |      0 |      0 |   5 |  108.2 |
  Orcish Mines |   2056 |   1818 |    238 |    232 |   1074 |   2 | 1028.0 |
   Elven Halls |   2985 |   2398 |    587 |      0 |   1267 |   3 |  995.0 |
        Vaults |   7898 |   7064 |    834 |    121 |   4866 |   5 | 1579.6 |
         Crypt |   4660 |   4452 |    208 |    485 |   2527 |   3 | 1553.3 |
        Depths |   4783 |   4206 |    577 |    123 |   2711 |   4 | 1195.8 |
           Zot |    729 |    528 |    201 |      0 |      0 |   5 |  145.8 |
         Abyss |    605 |    605 |      0 |      0 |     23 |   4 |  151.2 |
        Bazaar |    151 |    151 |      0 |      0 |      0 |   2 |   75.5 |
         Trove |     54 |     54 |      0 |      0 |      0 |   1 |   54.0 |
       Ossuary |    294 |    294 |      0 |      0 |    167 |   1 |  294.0 |
      Ice Cave |   2046 |   2046 |      0 |   1033 |    374 |   1 | 2046.0 |
    Desolation |    834 |    834 |      0 |      0 |      1 |   1 |  834.0 |
               +--------+--------+--------+--------+--------+-----+--------+

Top non-repeatable levels by time:
 Crypt:3: 2256 daAuts
   IceCv: 2046 daAuts
Vaults:2: 1931 daAuts
Vaults:3: 1781 daAuts
     D:9: 1748 daAuts
Vaults:4: 1634 daAuts
Depths:3: 1485 daAuts
  Lair:1: 1469 daAuts
   Elf:3: 1454 daAuts
     D:6: 1429 daAuts
Depths:1: 1386 daAuts
Depths:2: 1382 daAuts
     D:8: 1372 daAuts
Vaults:1: 1330 daAuts
    D:10: 1303 daAuts
